 Dungeon Crawl Stone Soup version 0.30-a0-341-g682706514a (webtiles) character file.

Game seed: 112094342164550721

905 Iich the Covered (level 7, -1/94 HPs)
             Began as a Minotaur Berserker on Nov 2, 2022.
             Was a Priest of Trog.
             Succumbed to a gnoll sergeant's poison
             ... on level 4 of the Dungeon.
             The game lasted 00:07:11 (4206 turns).

Iich the Covered (Minotaur Berserker)               Turns: 4206, Time: 00:07:12

Health: -1/94      AC: 11    Str: 24    XL:     7   Next: 80%
Magic:  6/6        EV:  9    Int:  4    God:    Trog [***...]
Gold:   243        SH:  0    Dex:  9    Spells: 6/6 levels left

rFire   . . .      SeeInvis .    y - +0 war axe
rCold   . . .      Faith    .    (no shield)
rNeg    . . .      Spirit   .    C - +0 chain mail
rPois   .          Reflect  .    (helmet restricted)
rElec   .          Harm     .    t - +0 cloak
rCorr   +          Rampage  .    (no gloves)
Will    .....                    (no boots)
Stlth   ..........               (no amulet)
HPRegen 0.35/turn                m - ring of resist corrosion
MPRegen 0.10/turn                (no ring)

@: berserking (expiring), lethally poisoned (-1 -> -24), weakened, very quick
A: horns 2, retaliatory headbutt
a: Renounce Religion, Berserk, Trog's Hand


You were on level 4 of the Dungeon.
You worshipped Trog.
Trog was most pleased with you.
You visited 1 branch of the dungeon, and saw 4 of its levels.

You collected 243 gold pieces.

Inventory:

Hand Weapons
 a - a +0 hand axe
 k - a +6 mace
 y - a +0 war axe (weapon)
Missiles
 s - 13 boomerangs (quivered)
Armour
 b - a +0 animal skin
 c - a +0 ring mail
 o - the +1 leather armour "Piusenta" {rElec}
   (You found it on level 3 of the Dungeon)

   rElec:     It insulates you from electricity.
 t - a +0 cloak (worn)
 C - a +0 chain mail (worn)
Jewellery
 i - an amulet of magic regeneration
 m - a ring of resist corrosion (left hand)
 x - the ring "Dyol" {Fly rN+ SInv}
   (You found it on level 4 of the Dungeon)

   [ring of flight]

   rN:        It protects you from negative energy.
   SInv:      It lets you see invisible.
   Fly:       It grants you flight.
Scrolls
 e - a scroll of immolation
 f - a scroll of amnesia
 l - a scroll of fear {unknown}
 n - 4 scrolls of teleportation
 u - 2 scrolls of vulnerability {unknown}
 z - a scroll of butterflies {unknown}
 A - a scroll of summoning {unknown}
Potions
 g - a potion of attraction {unknown}
 h - a potion of brilliance {unknown}
 j - a potion of berserk rage {unknown}
 p - 2 potions of haste {unknown}
 q - a potion of magic {unknown}
 r - a potion of resistance {unknown}
 v - a potion of cancellation
 w - a potion of heal wounds {unknown}
 B - a potion of mutation {unknown}


   Skills:
 + Level 6.0 Fighting
 - Level 5.1(6.3) Axes
 - Level 5.5(6.4) Maces & Flails
 + Level 6.0 Armour
 + Level 3.4 Dodging
 + Level 1.2 Stealth


You had 6 spell levels left.
You didn't know any spells.
Your spell library was empty.

Dungeon Overview and Level Annotations

Branches:
Dungeon (4/15)             Temple (0/1) D:4

Altars:
Ashenzari
Nemelex Xobeh

Shops:
D:3 !

Annotations:
D:4 1 transporter, silentkaos13's ghost, amateur OpTm


Innate Abilities, Weirdness & Mutations

You have a pair of horns on your head.
You reflexively headbutt those who attack you in melee.


Message History

The gnoll hits you from afar with a +0 spear.
* * * LOW HITPOINT WARNING * * *
The gnoll barely misses you.
The gnoll bouda mumbles some strange prayers to its god.
The gnoll bouda is healed somewhat.
The gnoll sergeant completely misses you.
The gnoll sergeant blocks your attack.
Your headbutt misses the gnoll sergeant.
The gnoll sergeant is moderately wounded.
You hit the gnoll bouda.
* * * LOW HITPOINT WARNING * * *
You feel very sick.
The gnoll bouda calls upon its god to heal the gnoll sergeant.
The gnoll sergeant is healed somewhat.
The gnoll hits you but does no damage. x2
You slash the gnoll sergeant!
The gnoll sergeant is heavily wounded.
You hit the gnoll bouda.
* * * LOW HITPOINT WARNING * * *
You feel very sick.
The gnoll sergeant hits you with the +7 trident of Compassion {venom, Str+5}.
* * * LOW HITPOINT WARNING * * *
You are lethally poisoned!
The gnoll closely misses you. The gnoll hits you but does no damage.
The gnoll bouda barely misses you. You furiously retaliate!
You headbutt the gnoll bouda!
You kill the gnoll bouda!
Trog accepts your kill.
Your Fighting skill increases to level 6!
Your Armour skill increases to level 6!
The gnoll sergeant blocks your attack. x2
The gnoll sergeant is heavily wounded.
* * * LOW HITPOINT WARNING * * *
You feel very sick. The gnoll sergeant closely misses you.
The gnoll hits you from afar with a +0 spear!
* * * LOW HITPOINT WARNING * * *
The gnoll closely misses you. The gnoll sergeant blocks your attack.
The gnoll sergeant is heavily wounded.
You die...

#.≈≈≈≈≈≈≈≈≈≈≈≈~≈≈≈≈≈≈≈≈≈≈≈≈.#
#.≈≈≈≈≈≈≈≈≈≈≈≈~≈≈≈≈≈≈≈≈≈≈≈≈.#
#.≈≈#####...........#####≈≈.#
#.≈≈#...#.###.©.###.#...#≈≈.#
#.≈≈#g..###g#####g###...#≈≈.#
#.≈≈###...............###≈≈.#
#.≈≈.8#.######'###'##.#8.≈≈.#
#.≈≈.##.#Wgg#8)g#...#.##.≈≈.#
#.~~.#g.'..:#⌠©@.g..'..#.~~.#
#.≈≈.##.#...#8..#...#.##.≈≈.#
#.≈≈.8#.######g###'##.#8.≈≈.#
##.≈≈###..........g....###≈≈.#
...≈≈#...###.#####.###...#≈≈.#
##.≈≈#g.W#.###.©.###.#...#≈≈.#
#.≈≈#####...(.......#####≈≈.#
#.≈≈≈≈≈≈≈≈≈≈≈...≈≈≈≈≈≈≈≈≈≈≈.#
#.≈≈≈≈≈≈≈≈≈≈≈...≈≈≈≈≈≈≈≈≈≈≈.#


You could see a gnoll sergeant (swift) and 2 gnolls.

Vanquished Creatures
  Grinder (D:3)
  A black bear (D:4)
  A phantom (D:4)
  A necrophage (D:3)
  A scorpion (D:4)
  A gnoll bouda (D:4)
  2 hounds (D:4)
  An orc priest (D:4)
  3 orc wizards
  Natasha (twice) (D:2)
  Robin (D:2)
  A gnoll (D:4)
  3 adders
  A worm (D:2)
  A dart slug (D:4)
  14 orcs
  5 ball pythons
  3 bats
  8 endoplasms
  5 giant cockroaches
  10 goblins
  8 hobgoblins
  13 jackals
  3 quokkas
  5 frilled lizards
  8 kobolds
  2 rats
  A butterfly (D:4)
106 creatures vanquished.

Vanquished Creatures (others)
  6 plants (D:4)
  19 withered plants (D:1)
25 creatures vanquished.

Grand Total: 131 creatures vanquished

Notes
Turn   | Place    | Note
-------+----------+-------------------------------------------
     0 | D:1      | Iich the Minotaur Berserker began the quest for the Orb.
     0 | D:1      | Reached XP level 1. HP: 19/19 MP: 0/0
   110 | D:1      | Reached XP level 2. HP: 27/27 MP: 1/1
   412 | D:1      | Reached XP level 3. HP: 33/33 MP: 2/2
   507 | D:1      | Found a faded altar of an unknown god.
   883 | D:1      | You fall into a shaft and drop 1 floor!
   969 | D:2      | Reached ** piety under Trog
  1077 | D:2      | Noticed Robin
  1091 | D:2      | Killed Robin
  1092 | D:2      | Reached skill level 5 in Axes
  1298 | D:2      | Reached XP level 4. HP: 39/41 MP: 3/3
  1537 | D:2      | Noticed Natasha
  1543 | D:2      | Killed Natasha
  1544 | D:2      | Reached skill level 1 in Maces & Flails
  1750 | D:2      | Noticed Natasha
  1758 | D:2      | Killed Natasha
  2173 | D:3      | Identified the +1 leather armour "Piusenta" {rElec}
  2199 | D:3      | Reached XP level 5. HP: 34/47 MP: 4/4
  2359 | D:3      | Found a broken altar of Ashenzari.
  2763 | D:3      | Reached skill level 5 in Fighting
  2775 | D:3      | Noticed Grinder
  2784 | D:3      | Killed Grinder
  2785 | D:3      | Reached XP level 6. HP: 33/56 MP: 5/5
  3023 | D:3      | Found Vigiuw's Distillery.
  3246 | D:4      | Reached skill level 5 in Maces & Flails
  3318 | D:4      | Identified the ring "Dyol" {Fly rN+ SInv}
  3343 | D:4      | Reached XP level 7. HP: 51/61 MP: 6/6
  3352 | D:4      | Reached *** piety under Trog
  3564 | D:4      | Found a transporter.
  3568 | D:4      | Reached skill level 5 in Armour
  3582 | D:4      | Identified the +7 trident of Compassion {venom, Str+5}
  3582 | D:4      | Identified the +0 ring mail of Zodwur {rC+}
  3689 | D:4      | Found a sparkling altar of Nemelex Xobeh.
  3697 | D:4      | Reached skill level 1 in Stealth
  3825 | D:4      | Found a transporter.
  3829 | D:4      | Noticed silentkaos13's ghost (amateur OpTm)
  3970 | D:4      | Found a staircase to the Ecumenical Temple.
  4205 | D:4      | HP: 3/94 [gnoll/+0 spear (8)]
  4206 | D:4      | Succumbed to a gnoll sergeant's poison

Illustrated notes

Levels and vault maps discovered:
D:1:      shiori_arrival_oz, layout_loops_corners,
          shapermc_ecumenical_altar_flowoftime
D:2:      layout_basic, st_stairs_8, uniq_robin, uniq_natasha
D:3:      layout_basic, nicolae_ashenzari_skybound, serial_shops, shop,
          minmay_close_crescents, uniq_grinder
D:4:      layout_loops_ring, mainiacjoe_overflow_six_doors_small,
          minmay_temple_entry_butterflies, gammafunk_ghost_gnarly_gnolls

Skill      XL: |  1  2  3  4  5  6  7 |
---------------+----------------------+-----
Axes           | 4 5 |  5.1
Fighting       | 4 5 6 |  6.0
Maces & Flails | 1 4 5 |  5.5
Armour         | 3 4 6 |  6.0
Dodging        | 3 |  3.4
Stealth        | 1 |  1.2

Action                   |  1- 3 |  4- 6 |  7- 9 || total
-------------------------+-------+-------+-------++-------
Melee: Hand axe          |   111 |       |       ||   111
       Headbutt          |    23 |     1 |     9 ||    33
       Punch             |     2 |     1 |     1 ||     4
       Mace              |     6 |    69 |    14 ||    89
       War axe           |       |       |    40 ||    40
Invok: Berserk           |       |       |     1 ||     1
  Use: Scroll            |       |     3 |       ||     3
       Potion            |       |     2 |     4 ||     6
Armor: Animal skin       |    11 |       |       ||    11
       Ring mail         |    14 |    28 |    12 ||    54
       Chain mail        |       |       |    16 ||    16
Dodge: Dodged            |    64 |    36 |    50 ||   150

Table legend: (Time is in decaauts)
 A = Elapsed time spent in this place.
 B = Non-inter-level travel time spent in this place.
 C = Inter-level travel time spent in this place.
 D = Time resting spent in this place.
 E = Time spent auto-exploring this place.
 F = Levels seen in this place.
 G = Mean time per level.
                   A        B        C        D        E       F      G
               +--------+--------+--------+--------+--------+-----+--------+
         Total |   4234 |   4168 |     66 |      0 |   2943 |   4 | 1058.5 |
       Dungeon |   4234 |   4168 |     66 |      0 |   2943 |   4 | 1058.5 |
               +--------+--------+--------+--------+--------+-----+--------+

Top non-repeatable levels by time:
     D:2: 1146 daAuts
     D:3: 1064 daAuts
     D:1: 1028 daAuts
     D:4: 995 daAuts
